 Dungeon Crawl Stone Soup version 0.30-a0-364-gf6b3ef1049 (webtiles) character file.

Game seed: 8100863855978468489

1771 ragingrage the Carver (level 9, 0/64 HPs)
             Began as a Merfolk Chaos Knight on Nov 15, 2022.
             Was a Plaything of Xom.
             Succumbed to a hornet's poison
             ... on level 7 of the Dungeon.
             The game lasted 00:07:37 (5907 turns).

ragingrage the Carver (Merfolk Chaos Knight)        Turns: 5907, Time: 00:07:37

Health: 0/64       AC:  7    Str: 11    XL:     9   Next: 7%
Magic:  4/9        EV: 27    Int: 11    God:    Xom [......]
Gold:   70         SH:  0    Dex: 17    Spells: 5/8 levels left

rFire   + . .      SeeInvis .    l - +3 short sword (chaos)
rCold   + + .      Faith    .    (no shield)
rNeg    . . .      Spirit   .    b - +2 leather armour
rPois   +          Reflect  .    (no helmet)
rElec   +          Harm     .    d - +0 cloak
rCorr   +          Rampage  .    (no gloves)
Will    .....                    k - +0 pair of boots
Stlth   +++.......               y - amulet of the acrobat
HPRegen 0.30/turn                n - ring of protection from cold
MPRegen 0.11/turn                (no ring)

@: lethally poisoned (0 -> -10), resistant, on berserk cooldown, acrobatic,
attractive, slowed, unable to read, unable to drink, very slow
A: (nimble swimmer 2), mertail, weak 1, inability to drink after injury 1,
inability to read after injury 1
a: Renounce Religion


You were on level 7 of the Dungeon.
You worshipped Xom.
You were a very special plaything of Xom.
You visited 1 branch of the dungeon, and saw 7 of its levels.

You collected 223 gold pieces.
You spent 153 gold pieces at shops.

Inventory:

Hand Weapons
 a - a +0 falchion of chaos
 l - a +3 short sword of chaos (weapon)
 z - a +0 long sword
Armour
 b - a +2 leather armour (worn)
 d - a +0 cloak (worn)
 k - a +0 pair of boots (worn)
Jewellery
 n - a ring of protection from cold (left hand)
 y - an amulet of the acrobat (around neck)
 B - an amulet of magic regeneration
Wands
 C - a wand of iceblast (9)
Scrolls
 e - 5 scrolls of identify {unknown}
 g - 2 scrolls of magic mapping {unknown}
 h - a scroll of enchant armour {unknown}
 m - 2 scrolls of immolation {unknown}
 o - 2 scrolls of amnesia {unknown}
 u - a scroll of butterflies {unknown}
 w - a scroll of noise
 A - 4 scrolls of teleportation {unknown}
 D - a scroll of enchant weapon {unknown}
Potions
 f - a potion of lignification
 i - a potion of degeneration
 j - 2 potions of might
 p - a potion of flight {unknown}
 q - a potion of resistance
 r - a potion of cancellation {unknown}
 s - a potion of attraction
 t - 2 potions of invisibility
 v - 2 potions of heal wounds {unknown}
 x - a potion of berserk rage
 E - a potion of brilliance {unknown}
Miscellaneous
 c - a piece from Xom's chessboard (15/15)


   Skills:
 - Level 3.2 Fighting
 + Level 10.4 Long Blades
 - Level 0.6 Armour
 - Level 2.6 Dodging
 - Level 5.0 Stealth
 + Level 7.1 Ice Magic


You had 5 spell levels left.
You knew the following spells:

 Your Spells              Type           Power      Damage    Failure   Level
a - Frozen Ramparts       Ice            30%        1d5       8%          3

Your spell library contained the following spells:

 Spells                   Type           Power      Damage    Failure   Level
 Freeze                   Ice            60%        1d7       2%          1
 Hailstorm                Conj/Ice       7%         3d4       32%         3
 Apportation              Tloc           0%         N/A       43%         1
 Necrotise                Necr           0%         1d4       43%         1
 Sandblast                Erth           0%         2d4       43%         1
 Summon Small Mammal      Summ           0%         N/A       43%         1
 Passwall                 Tmut/Erth      0%         N/A       56%         2
 Ice Form                 Ice/Tmut       7%         N/A       71%         4
 Stone Arrow              Conj/Erth      0%         3d7       80%         3
 Animate Armour           Summ/Erth      0%         N/A       99%         4
 Simulacrum               Ice/Necr       3%         N/A       100%        6
 Lehudib's Crystal Spear  Conj/Erth      0%         10d2      100%        8


Dungeon Overview and Level Annotations

Branches:
Dungeon (7/15)             Temple (0/1) D:5

Altars:
Cheibriados
Gozag
Hepliaklqana
Wu Jian

Shops:
D:1 [   D:3 :   D:4 !   D:5 *

Annotations:
D:5 1 runed translucent door, gdog's ghost, weakling GnDe


Innate Abilities, Weirdness & Mutations

((You are very nimble when in or above water. (Stealth+, EV+, Speed+++)))
Your lower body shifts to a powerful aquatic tail in water.
You are weak. (Str -2)
You occasionally lose the ability to drink potions when taking damage.
You occasionally lose the ability to read scrolls when taking damage.


Message History

You puncture the hornet!
The hornet is severely wounded.
You feel sick. The hornet stings you.
* * * LOW HITPOINT WARNING * * *
You are lethally poisoned!
You miss the hornet.
The hornet is severely wounded.
* * * LOW HITPOINT WARNING * * *
You feel very sick.
The hornet stings you but does no damage.
You closely miss the hornet.
The hornet is almost dead.
* * * LOW HITPOINT WARNING * * *
You feel very sick. The hornet barely misses you.
You hit the hornet. You burn the hornet.
You kill the hornet!
You feel yourself speed up.
* * * LOW HITPOINT WARNING * * *
You feel very sick.
Your Long Blades skill increases to level 10!
Your Ice Magic skill increases to level 7!
You have reached level 9!
Your experience leads to an increase in your attributes!
Your base attributes are Str 13, Int 11, Dex 15.
Increase (S)trength, (I)ntelligence, or (D)exterity?
You feel agile. x2
* * * LOW HITPOINT WARNING * * *
You feel sick.
Things that are here:
a +0 hand axe; an orc corpse You feel a strong urge to attack something.
* * * LOW HITPOINT WARNING * * *
You feel sick.
There is a stone staircase leading up here.
You are no longer berserk.
You are exhausted.
You feel yourself slow down.
You die...
Xom snickers!

#.# ..#
#.# ...
##.###.#
#.†....#
#..#
#.)#####.#
#.@......#
##########
~...~.
.~.~.~
~)..~.


There were no monsters in sight!

Vanquished Creatures
  A rime drake (D:4)
  A hornet (D:7)
  2 water moccasins (D:5)
  An ice beast (D:5)
  3 ogres (D:5)
  3 necrophages
  A scorpion (D:6)
  A killer bee (D:3)
  2 jellies
  3 hounds
  An orc wizard (D:6)
  2 iguanas
  6 adders
  5 gnolls
  A white imp (D:6)
  3 ufetubi
  A worm (D:2)
  4 dart slugs
  10 orcs
  3 bats
  5 endoplasms
  A giant cockroach (D:1)
  6 goblins
  5 hobgoblins
  3 quokkas
  8 ball pythons
  6 frilled lizards
  2 kobolds
  7 rats
97 creatures vanquished.

Vanquished Creatures (others)
  2 withered plants (D:5)
2 creatures vanquished.

Grand Total: 99 creatures vanquished

Notes
Turn   | Place    | Note
-------+----------+-------------------------------------------
     0 | D:1      | ragingrage the Merfolk Chaos Knight began the quest for the
                  | Orb.
     0 | D:1      | Reached XP level 1. HP: 18/18 MP: 1/1
    91 | D:1      | XOM: silly message
   170 | D:1      | XOM: silly message
   275 | D:1      | Found Rumn's Armour Shoppe.
   287 | D:1      | Reached skill level 4 in Long Blades
   298 | D:1      | XOM: silly message
   325 | D:1      | Reached XP level 2. HP: 22/24 MP: 2/2
   540 | D:1      | Reached XP level 3. HP: 27/29 MP: 3/3
   643 | D:1      | Reached skill level 5 in Long Blades
   647 | D:1      | XOM: cloud trail
   951 | D:2      | Reached skill level 1 in Ice Magic
  1131 | D:2      | XOM: 3-stop teleportation journey
  1176 | D:2      | Reached XP level 4. HP: 35/35 MP: 4/4
  1256 | D:2      | XOM: silly message
  1441 | D:2      | XOM: smoke on damage
  1470 | D:2      | Learned a level 3 spell: Frozen Ramparts
  1882 | D:3      | XOM: chaos upgrade
  2046 | D:3      | Found a faded altar of an unknown god.
  2076 | D:3      | XOM: polymorph adder -> killer bee
  2083 | D:3      | Reached skill level 6 in Long Blades
  2083 | D:3      | Reached XP level 5. HP: 24/41 MP: 5/5
  2242 | D:3      | Found Deacw's Book Boutique.
  2700 | D:4      | Found Xovvubep's Distillery.
  2708 | D:4      | Bought a potion of might for 52 gold pieces
  2708 | D:4      | Bought a potion of lignification for 39 gold pieces
  3028 | D:4      | XOM: chaos cloud
  3047 | D:4      | Reached XP level 6. HP: 29/47 MP: 6/6
  3329 | D:5      | Entered Level 5 of the Dungeon
  3329 | D:5      | Noticed a water moccasin
  3329 | D:5      | XOM: repel stairs
  3334 | D:5      | XOM: confuse monster(s)
  3347 | D:5      | XOM: blink monster(s)
  3351 | D:5      | Killed a water moccasin
  3352 | D:5      | Reached skill level 7 in Long Blades
  3352 | D:5      | Reached XP level 7. HP: 21/52 MP: 7/7
  3507 | D:5      | Found a staircase to the Ecumenical Temple.
  3519 | D:5      | Found a snail-covered altar of Cheibriados.
  3520 | D:5      | Found a hazy altar of Hepliaklqana.
  3520 | D:5      | Found an opulent altar of Gozag.
  3524 | D:5      | an ogre changed into a rime drake
  3524 | D:5      | Noticed a rime drake
  3524 | D:5      | XOM: polymorph ogre -> rime drake
  3544 | D:4      | Reached skill level 5 in Ice Magic
  3583 | D:5      | Found a runed translucent door.
  3593 | D:5      | Noticed gdog's ghost (weakling GnDe)
  3620 | D:5      | XOM: silly message
  3880 | D:5      | Reached skill level 8 in Long Blades
  4005 | D:5      | XOM: confusion (+ monsters)
  4026 | D:4      | Killed a rime drake
  4027 | D:4      | Reached XP level 8. HP: 43/58 MP: 8/8
  4088 | D:5      | XOM: butterfly on damage
  4243 | D:5      | Reached skill level 9 in Long Blades
  4272 | D:5      | Found an ornate altar of the Wu Jian Council.
  4414 | D:5      | XOM: chaos cloud
  4578 | D:5      | Found Ofiruofy's Assorted Antiques.
  4586 | D:5      | Bought a scroll labelled NIOPOY MUISIQ for 31 gold pieces
  4586 | D:5      | Bought a scroll labelled BAUSCH RESUI for 31 gold pieces
  4619 | D:5      | XOM: scenery: 1 doors close
  4891 | D:5      | XOM: give mutation
  4891 | D:5      | Gained mutation: You possess an exceptional clarity of
                  | mind. [Xom's mischief]
  4959 | D:6      | XOM: give mutations
  4959 | D:6      | Lost mutation: You possess an exceptional clarity of mind.
                  | [Xom's mischief]
  4959 | D:6      | Gained mutation: You occasionally lose the ability to read
                  | scrolls when taking damage. [Xom's mischief]
  4959 | D:6      | Gained mutation: You are weak. (Str -2) [Xom's mischief]
  4959 | D:6      | Gained mutation: You occasionally lose the ability to drink
                  | potions when taking damage. [Xom's mischief]
  5125 | D:6      | Reached skill level 5 in Stealth
  5270 | D:6      | XOM: 1-stop teleportation journey
  5810 | D:7      | XOM: chaos cloud
  5888 | D:7      | Noticed a hornet
  5894 | D:7      | XOM: confusion
  5904 | D:7      | Killed a hornet
  5905 | D:7      | Reached skill level 10 in Long Blades
  5905 | D:7      | Reached XP level 9. HP: 6/64 MP: 3/9
  5906 | D:7      | HP: 3/96 [poisoned by a hornet]
  5907 | D:7      | Succumbed to a hornet's poison

Illustrated notes

Levels and vault maps discovered:
D:1:      dpeg_arrival_stonehenge_12_columns, layout_basic, serial_shops, shop,
          roderic_three_in_a_row
D:2:      layout_loops_corners, serial_forest, infiniplex_forest_end_2,
          infiniplex_forest_clump_diagonal, infiniplex_forest_clump_tiny,
          infiniplex_forest_end_1, corexii_corridor_pit
D:3:      layout_basic, serial_shops, shop, nicolae_ecumenical_lake_church,
          minmay_misc_feat_nine_boxes
D:4:      layout_basic, serial_shops, nicolae_shop_waterfront
D:5:      layout_gridville, chequers_temple_overflow_statue_of_worship,
          minmay_temple_entry_statues_fountains, gammafunk_ghost_grave,
          serial_shops, nicolae_shop_trees, reono_crystal_passage
D:6:      layout_basic
D:7:      layout_basic, mainiacjoe_overflow_tiny_flanked, kennysheep_doodads,
          uniq_joseph

Skill      XL: |  1  2  3  4  5  6  7  8 |
---------------+-------------------------+-----
Long Blades    | 4 5 6 7 8 10 | 10.4
Ice Magic      | 1 2 3 4 5 7 |  7.1
Stealth        | 3 5 |  5.0
Fighting       | |  3.2
Armour         | |  0.6
Dodging        | |  2.6

Action                   |  1- 3 |  4- 6 |  7- 9 || total
-------------------------+-------+-------+-------++-------
Melee: Falchion          |    81 |    17 |       ||    98
       Punch             |     1 |     3 |     4 ||     8
       Short sword       |       |   104 |   162 ||   266
 Cast: Frozen Ramparts   |       |       |     9 ||     9
Evoke: Piece from Xom's  |       |       |     3 ||     3
  Use: Potion            |       |     2 |     3 ||     5
       Scroll            |       |       |     2 ||     2
 Stab: Sleeping          |     1 |     1 |     4 ||     6
       Petrifying        |     1 |       |     2 ||     3
       Petrified         |       |       |     5 ||     5
Armor: Leather armour    |    21 |    40 |    45 ||   106
       Skin              |       |     1 |       ||     1
Dodge: Dodged            |    43 |    59 |   110 ||   212

Table legend: (Time is in decaauts)
 A = Elapsed time spent in this place.
 B = Non-inter-level travel time spent in this place.
 C = Inter-level travel time spent in this place.
 D = Time resting spent in this place.
 E = Time spent auto-exploring this place.
 F = Levels seen in this place.
 G = Mean time per level.
                   A        B        C        D        E       F      G
               +--------+--------+--------+--------+--------+-----+--------+
         Total |   5838 |   5506 |    332 |    699 |   3860 |   7 |  834.0 |
       Dungeon |   5838 |   5506 |    332 |    699 |   3860 |   7 |  834.0 |
               +--------+--------+--------+--------+--------+-----+--------+

Top non-repeatable levels by time:
     D:5: 1415 daAuts
     D:2: 1151 daAuts
     D:6: 907 daAuts
     D:4: 836 daAuts
     D:3: 802 daAuts
     D:1: 698 daAuts
     D:7: 27 daAuts
